 Dungeon Crawl Stone Soup version 0.21.1-1-g345015fe64 (webtiles) character file.

8919 Jens78 the Transmogrifier (level 11, -4/82 HPs)
             Began as an Octopode Transmuter on June 8, 2018.
             Was an Initiate of Ru.
             Slain by an orc warrior
             ... wielding a +0 short sword
              (12 damage)
             ... on level 1 of the Orcish Mines.
             The game lasted 03:46:03 (16383 turns).

Jens78 the Transmogrifier (Octopode Transmuter)    Turns: 16383, Time: 03:46:04

Health: -4/82      AC:  8    Str: 10    XL:     11   Next: 38%
Magic:  22/22      EV: 15    Int: 16    God:    Ru [......]
Gold:   843        SH:  0    Dex: 19    Spells: 7/25 levels left

rFire    x x .     SeeInvis +     - Unarmed
rCold    + + +     Gourm    .   (shield currently unavailable)
rNeg     . . .     Faith    +   (helmet currently unavailable)
rPois    +         Spirit   .   r - amulet of faith
rElec    .         Reflect  .   B - +4 ring of dexterity
rCorr    .         Harm     .   y - ring of ice
MR       .....                  Q - ring of see invisible
Stlth    +++.......             (no ring)
HPRegen  0.23/turn              (no ring)
MPRegen  0.18/turn              (no ring)
                                (no ring)
                                (no ring)

@: ice-form
A: large, almost no armour, stealthy swim, amphibious, 8 rings, (constrict 8)
a: End Transformation, Renounce Religion


You were on level 1 of the Orcish Mines.
You worshipped Ru.
Ru was noncommittal.
You were not hungry.
You were a creature of crystalline ice.
You visited 3 branches of the dungeon, and saw 13 of its levels.

You collected 843 gold pieces.

Inventory:

Hand Weapons
 g - a cursed +5 dagger
 o - a +3 blowgun
 w - a cursed -2 war axe
 K - the +9 dagger "Zuaqoih" (melded) {pain, Int+3}
   (You found it on level 5 of the Dungeon)

   In the hands of one skilled in necromantic magic, it inflicts extra damage on
   living creatures.
   It affects your intelligence (+3).
 S - a +1 dagger of venom
Missiles
 a - 4 tomahawks of returning (quivered)
 f - 317 stones
 p - 41 arrows
 q - 11 poisoned needles
 u - 68 bolts
 J - 8 poisoned tomahawks
Jewellery
 r - an amulet of faith (around neck)
 y - a ring of ice (right front paw)
 B - a +4 ring of dexterity (left front paw)
 Q - a ring of see invisible (on tentacle)
 X - an uncursed amulet of rage {unknown}
 Y - an uncursed ring of ice
Wands
 e - a wand of clouds (4)
 m - a wand of paralysis (20)
 C - a wand of iceblast (23)
 F - a wand of acid (7)
 R - a wand of flame (19)
Scrolls
 j - a scroll of enchant armour
 k - 3 scrolls of enchant weapon
 n - 3 scrolls of teleportation
 x - a scroll of amnesia {unknown}
 A - 3 scrolls of immolation
 D - 2 scrolls of magic mapping
 G - 2 scrolls of remove curse {unknown}
 H - a scroll of noise {unknown}
 L - a scroll of fog {unknown}
 P - 2 scrolls of blinking {unknown}
 U - a scroll of torment {unknown}
 Z - a scroll of fear
Potions
 d - a potion of lignification {unknown}
 h - a potion of flight {unknown}
 i - 3 potions of curing {unknown}
 l - a potion of might
 t - a potion of mutation {unknown}
 v - a potion of berserk rage
 z - 2 potions of heal wounds
 E - a potion of haste {unknown}
 I - a potion of magic {unknown}
Books
 b - a book of Changes

   Spells                             Type                      Level
   a - Beastly Appendage              Transmutation                1
   b - Sticks to Snakes               Transmutation                2
   c - Spider Form                    Transmutation/Poison         3
   d - Ice Form                       Ice/Transmutation            4
   e - Blade Hands                    Transmutation                5
 M - a book of Cantrips

   Spells                             Type                      Level
   a - Confusing Touch                Hexes                        1
   b - Animate Skeleton               Necromancy                   1
   c - Summon Small Mammal            Summoning                    1
   d - Apportation                    Translocation                1
 V - Ytigregu's Papyrus of the Harmful Mountains
   (You found it on level 4 of the Dungeon)

   Spells                             Type                      Level
   a - Searing Ray                    Conjuration                  2
   b - Mephitic Cloud                 Conjuration/Poison/Air       3
   c - Fireball                       Conjuration/Fire             5
   d - Bolt of Magma                  Conjuration/Fire/Earth       5
   e - Lee's Rapid Deconstruction     Earth                        5
Comestibles
 c - 15 rations
 s - 3 chunks of flesh


   Skills:
 + Level 4.1 Fighting
 + Level 3.9 Short Blades
 + Level 6.6 Dodging
 + Level 5.2 Stealth
 + Level 5.2 Unarmed Combat
 + Level 7.5 Spellcasting
 - Level 3.3 Conjurations
 + Level 9.8 Transmutations
 - Level 3.0 Ice Magic
 - Level 3.0 Air Magic
 + Level 3.2 Poison Magic


You had 7 spell levels left.
You knew the following spells:

 Your Spells              Type           Power        Failure   Level  Hunger
a - Beastly Appendage     Tmut           #####.       1%          1    None
b - Sticks to Snakes      Tmut           #####...     1%          2    None
c - Spider Form           Tmut/Pois      ####......   2%          3    ##.....
d - Ice Form              Ice/Tmut       #####...     9%          4    ####...
e - Mephitic Cloud        Conj/Pois/Air  ###.....     10%         3    ##.....
f - Blade Hands           Tmut           #####.....   5%          5    #####..


Dungeon Overview and Level Annotations

Branches:
Dungeon (10/15)            Temple (1/1) D:7             Orc (2/2) D:9
    Elf (0/3) Orc:2
   Lair: D:8-11

Altars:
Ashenzari
Cheibriados
Dithmenos
Elyvilon
Fedhas
Gozag
Hepliaklqana
Kikubaaqudgha
Makhleb
Nemelex Xobeh
Okawaru
Qazlal
Ru
Sif Muna
Trog
Uskayaw
Vehumet
Wu Jian
Xom
Yredelemnul
Zin
The Shining One
Beogh

Annotations:
D:8 Maurice, Psyche
D:10 Josephine


Innate Abilities, Weirdness & Mutations

You cannot wear most types of armour.
You are very stealthy in the water. (Stealth+)
You are amphibious.
You can wear up to eight rings at the same time.
((You can use your tentacles to constrict eight enemies at once.))
((Your skin changes colour to match your surroundings (Stealth+).))
((Your rubbery body absorbs attacks. (AC +1, EV +1)))


Message History

There is a stone staircase leading down here.
You punch the orc warrior! You freeze the orc warrior.
The orc warrior is heavily wounded.
The orc warrior completely misses you.
The orc warrior hits you with a war axe!
* * * LOW HITPOINT WARNING * * *
You barely miss the orc warrior.
The orc warrior is heavily wounded.
You feel much better.
The orc warrior hits you but does no damage.
The orc warrior barely misses you.
You barely miss the orc warrior.
The orc warrior is heavily wounded.
The orc warrior closely misses you.
The orc warrior hits you with a war axe!!
* * * LOW HITPOINT WARNING * * *
You hit the orc warrior but do no damage.
The orc warrior is heavily wounded.
The orc warrior hits you with a short sword!
You die...

.#..#..................##.....#..
.#.....................#.........
...........#..................#..
...##................#.........##
..##...)..........#...........##
..##...[.............#........##
..##...).......................#
.#...............o......#..#...#
#.....#....#...[Y)...^.........##
##.#...##.##...o........##.......
##.##.#####.............#........
#...### ##......#............#.
##.## #...................## ###
##......#........#...#
##.....#...#....##>##
##...#.###.###....### #....###
### ##..##


You could see 2 orc warriors.

Vanquished Creatures
  Erica (D:9)
  An orc high priest (Orc:2)
  Joseph (D:8)
  A troll (D:6)
  A hornet (D:9)
  6 yaks
  The ghost of Bapho the Ogre Mage, an amateur OgFE (D:3)
  A hog (D:7)
  A human (D:7)
  2 hungry ghosts (D:9)
  Eustachio (D:5)
  3 wargs (Orc:1)
  10 orc warriors
  A phantom (D:7)
  An ice beast (D:8)
  4 ogres
  3 centaurs
  Blork the orc (D:5)
  3 bullfrogs
  2 scorpions
  4 killer bees (D:9)
  4 wights
  2 howler monkeys (D:9)
  4 crimson imps
  A centaur skeleton (D:8)
  A gnoll shaman (D:7)
  15 orc priests
  9 orc wizards
  A bullfrog skeleton (D:6)
  4 hounds
  Natasha (twice) (D:2)
  6 worker ants
  A hound zombie (D:8)
  3 hound skeletons
  5 gnolls (D:7)
  4 adders
  A shadow imp (D:8)
  An ooze (D:2)
  An adder zombie (D:9)
  2 dart slugs
  2 worms
  5 leopard geckos
  63 orcs
  4 giant cockroaches
  10 goblins
  11 hobgoblins
  2 jackals (D:5)
  3 quokkas
  3 bats
  A frilled lizard (D:4)
  10 kobolds
  A leopard gecko zombie (D:5)
  2 quokka skeletons
  9 rats
242 creatures vanquished.

Vanquished Creatures (collateral kills)
  A two-headed ogre (D:9)
  2 yaks (D:9)
  A hungry ghost (D:7)
  An ice beast (D:7)
  A black bear (D:8)
  A hornet zombie (D:8)
  3 ogres
  2 wights
  A howler monkey (D:5)
  A quasit (D:7)
  A worker ant (D:8)
  3 adders
  8 orcs
  3 giant cockroaches (D:5)
  A quokka skeleton (D:7)
30 creatures vanquished.

Vanquished Creatures (others)
  A centaur skeleton (D:6)
1 creature vanquished.

Grand Total: 273 creatures vanquished

Notes
Turn   | Place    | Note
-------+----------+-------------------------------------------
     0 | D:1      | Jens78 the Octopode Transmuter began the quest for the Orb.
     0 | D:1      | Reached XP level 1. HP: 13/13 MP: 3/3
   137 | D:1      | Reached XP level 2. HP: 18/18 MP: 3/5
   598 | D:2      | Learned a level 2 spell: Sticks to Snakes
   778 | D:2      | Reached XP level 3. HP: 23/23 MP: 4/6
  1704 | D:2      | Noticed Natasha
  1713 | D:2      | Learned a level 3 spell: Spider Form
  1726 | D:2      | Killed Natasha
  1726 | D:2      | Reached skill level 1 in Poison Magic
  1726 | D:2      | Reached XP level 4. HP: 22/28 MP: 4/7
  2278 | D:2      | Noticed Natasha
  2300 | D:2      | Killed Natasha
  2335 | D:3      | Reached XP level 5. HP: 20/33 MP: 1/9
  2359 | D:3      | Reached skill level 1 in Stealth
  2757 | D:3      | Noticed Bapho's ghost (amateur OgFE)
  2912 | D:3      | Reached skill level 3 in Transmutations
  3492 | D:4      | Reached XP level 6. HP: 27/38 MP: 6/10
  3601 | D:5      | Entered Level 5 of the Dungeon
  3967 | D:5      | Learned a level 4 spell: Ice Form
  3986 | D:5      | Noticed Blork the orc
  4114 | D:5      | Reached skill level 4 in Transmutations
  4270 | D:6      | Noticed an orc warrior
  4490 | D:5      | Noticed Eustachio
  4508 | D:5      | Killed Eustachio
  4508 | D:5      | Reached XP level 7. HP: 43/44 MP: 5/11
  4714 | D:5      | Killed Blork the orc
  4884 | D:5      | Got an ancient dagger
  4922 | D:5      | Found a deep blue altar of Sif Muna.
  5067 | D:6      | Noticed a troll
  5282 | D:6      | Reached skill level 5 in Transmutations
  5648 | D:7      | Identified the +9 dagger "Zuaqoih" {pain, Int+3} (You found it on level 5 of the Dungeon)
  5743 | D:7      | Reached skill level 1 in Ice Magic
  5800 | D:7      | Reached skill level 1 in Short Blades
  5821 | D:8      | Found a hazy altar of Hepliaklqana.
  5821 | D:8      | Noticed a hungry ghost
  6188 | D:7      | Noticed a human
  6214 | D:7      | Killed a human
  6214 | D:7      | Reached XP level 8. HP: 39/51 MP: 7/12
  6304 | D:7      | Noticed a yak
  6358 | D:7      | Found a staircase to the Ecumenical Temple.
  7126 | D:7      | Noticed a yak
  7126 | D:7      | Noticed a yak
  7134 | D:7      | Killed a yak
  7134 | D:7      | Reached skill level 6 in Transmutations
  7142 | D:7      | Killed a yak
  7142 | D:7      | Reached XP level 9. HP: 46/55 MP: 7/15
  7339 | D:8      | Noticed Maurice
  7756 | D:3      | Killed Bapho's ghost
  8042 | D:4      | Reached skill level 7 in Transmutations
  8068 | D:4      | Identified Ytigregu's Papyrus of the Harmful Mountains
  8455 | D:6      | Learned a level 3 spell: Mephitic Cloud
  8591 | D:6      | Killed a troll
  8591 | D:6      | Reached skill level 5 in Spellcasting
  8953 | D:8      | Noticed Joseph
  8953 | D:8      | Reached skill level 1 in Conjurations
  8955 | D:8      | Reached skill level 1 in Air Magic
  8996 | D:8      | Killed Joseph
  9320 | D:8      | Noticed Psyche
  9616 | D:8      | Found a burning altar of Makhleb.
  9617 | D:8      | Found a blossoming altar of Fedhas.
  9620 | D:8      | Found a glowing golden altar of the Shining One.
  9620 | D:8      | Found a shattered altar of Ashenzari.
  9774 | D:8      | Learned a level 5 spell: Blade Hands
 10129 | D:9      | Reached XP level 10. HP: 63/63 MP: 10/18
 10186 | D:9      | Reached skill level 8 in Transmutations
 10201 | D:9      | Noticed a two-headed ogre
 10364 | D:9      | Found a roughly hewn altar of Beogh.
 10580 | D:9      | Reached skill level 5 in Dodging
 10584 | D:9      | Found a staircase to the Orcish Mines.
 11299 | D:9      | Noticed Erica
 11326 | D:9      | Killed Erica
 11669 | D:9      | Found a radiant altar of Vehumet.
 11670 | D:9      | Found a sparkling altar of Nemelex Xobeh.
 11757 | D:9      | Reached skill level 9 in Transmutations
 12216 | D:10     | Entered Level 10 of the Dungeon
 12226 | D:10     | Noticed a seven-headed hydra
 12486 | D:9      | Killed a two-headed ogre
 12486 | D:9      | Reached XP level 11. HP: 30/68 MP: 15/21
 12822 | D:9      | Found a snail-covered altar of Cheibriados.
 13242 | D:10     | Noticed Josephine
 13492 | Temple   | Entered the Ecumenical Temple
 13571 | Temple   | Became a worshipper of Ru the Awakened
 13667 | Orc:1    | Entered Level 1 of the Orcish Mines
 13680 | Orc:1    | Reached skill level 5 in Stealth
 14268 | Orc:1    | Noticed an orc sorcerer
 14270 | Orc:1    | Noticed an orc sorcerer
 14780 | Orc:2    | Entered Level 2 of the Orcish Mines
 14911 | Orc:2    | Found an iron altar of Okawaru.
 14920 | Orc:2    | Found a staircase to the Elven Halls.
 15645 | Orc:2    | Noticed an orc high priest
 15673 | Orc:2    | Killed an orc high priest
 15673 | Orc:2    | Reached skill level 5 in Unarmed Combat
 16383 | Orc:1    | Slain by an orc warrior

Skill      XL: |  1  2  3  4  5  6  7  8  9 10 11 |
---------------+----------------------------------+-----
Poison Magic   | 1 2 3 |  3.2
Stealth        | 2 3 4 5 |  5.2
Transmutations | 3 4 5 6 7 9 |  9.8
Spellcasting   | 3 4 5 7 |  7.5
Dodging        | 3 4 6 |  6.6
Fighting       | 2 3 4 |  4.1
Ice Magic      | 2 3 |  3.0
Short Blades   | 2 3 |  3.9
Conjurations   | 2 3 |  3.3
Air Magic      | 2 3 |  3.0
Unarmed Combat | 5 |  5.2

Action                   |  1- 3 |  4- 6 |  7- 9 | 10-12 || total
-------------------------+-------+-------+-------+-------++-------
Melee: Unarmed           |    75 |   134 |   239 |   336 ||   784
       Constrict         |    22 |     8 |     5 |     3 ||    38
       Kick              |    17 |    10 |     7 |     1 ||    35
       Tentacles         |     8 |     7 |     5 |     1 ||    21
       Punch             |     1 |       |       |     1 ||     2
       Dagger            |       |       |     9 |     6 ||    15
Throw: Stone             |     7 |     2 |       |       ||     9
       Tomahawk          |       |       |       |    10 ||    10
 Cast: Beastly Appendage |    22 |     6 |     6 |     1 ||    35
       Sticks to Snakes  |     4 |     6 |    70 |    18 ||    98
       Spider Form       |     1 |    29 |    17 |     4 ||    51
       Ice Form          |       |       |    17 |    28 ||    45
       Mephitic Cloud    |       |       |     1 |       ||     1
       Blade Hands       |       |       |       |     1 ||     1
  Use: Scroll            |       |     6 |     9 |     5 ||    20
       Potion            |       |       |       |     1 ||     1
 Stab: Sleeping          |       |     5 |     4 |     2 ||    11
       Distracted        |       |     1 |     4 |     3 ||     8
  Eat: Chunk             |     3 |     9 |    19 |     5 ||    36
       Ration            |       |     1 |     3 |     6 ||    10
Armor: Skin              |     6 |     5 |    42 |    49 ||   102
Dodge: Dodged            |    36 |    98 |   191 |   207 ||   532
